 Dungeon Crawl Stone Soup version 0.31-a0-267-g3fc6992 (webtiles) character file.

Game seed: 15989393919291303697

2042 Dawnplanks the Zephyrmancer (level 9, -4/44 (48) HPs)
             Began as a Tengu Air Elementalist on July 14, 2023.
             Was a Follower of Vehumet.
             Slain by a wight
             ... wielding a +3 falchion of freezing
              (10 damage)
             ... on level 7 of the Dungeon.
             The game lasted 00:12:28 (7006 turns).

Dawnplanks the Zephyrmancer (TeAE)                  Turns: 7006, Time: 00:12:29

HP:   -4/44 (48)    AC:  2    Str: 14    XL:     9   Next: 24%
MP:   1/19          EV: 16    Int: 19    God:    Vehumet [*.....]
Gold: 358           SH:  0    Dex: 16    Spells: 10/21 levels left

rFire   . . .        i - +3 short sword
rCold   . . .        (no shield)
rNeg    . . .        a - +0 robe
rPois   .            (helmet restricted)
rElec   .            (no cloak)
rCorr   .            (no gloves)
SInv    .            (boots unavailable)
Will    .....        q - amulet of regeneration
Stlth   ++           t - +6 ring of strength
HPRegen 1.07/turn    u - ring of wizardry
MPRegen 0.16/turn

%: wizardry (x1)
@: flying quickly and evasively, drained, quick
A: beak, talons 3, nimble flight
a: Renounce Religion


You were on level 7 of the Dungeon.
You worshipped Vehumet.
Vehumet was aware of your devotion.
You visited 2 branches of the dungeon, and saw 8 of its levels.

You collected 358 gold pieces.

Inventory:

Hand Weapons
 i - a +3 short sword (weapon)
Missiles
 e - 2 throwing nets
Armour
 a - a +0 robe (worn)
Jewellery
 q - an amulet of regeneration (around neck)
 t - a +6 ring of strength (left hand)
 u - a ring of wizardry (right hand)
Wands
 p - a wand of flame (13)
Scrolls
 f - a scroll of torment {unknown}
 g - 2 scrolls of teleportation
 j - 3 scrolls of immolation {unknown}
 k - 2 scrolls of poison {unknown}
 l - a scroll of fog
 m - a scroll of noise {unknown}
 o - a scroll of fear
 s - a scroll of revelation {unknown}
 v - a scroll of amnesia {unknown}
Potions
 b - 2 potions of magic
 c - 2 potions of brilliance
 d - a potion of might
 h - a potion of attraction
 n - 8 potions of curing {unknown}
 r - a potion of heal wounds


   Skills:
 + Level 2.0 Fighting
 + Level 3.8 Dodging
 - Level 2.0 Stealth
 - Level 0.1 Unarmed Combat
 + Level 6.6 Spellcasting
 + Level 8.0 Conjurations
 + Level 9.2 Air Magic


You had 10 spell levels left.
You knew the following spells:

 Your Spells              Type           Power      Damage    Failure   Level
a - Shock                 Conj/Air       100%       1d9       1%          1
b - Magic Dart            Conj           100%       1d8       1%          1
c - Swiftness             Air            41%        N/A       1%          3
d - Airstrike             Air            20%        2d(3-19)  1%          4
e - Static Discharge      Conj/Air       78%        2-6/arc   1%          2

Your spell library contained the following spells:

 Spells                   Type           Power      Damage    Failure   Level
 Momentum Strike          Conj/Tloc      42%        3d9       1%          2
 Blink                    Tloc           12%        N/A       6%          2
 Lesser Beckoning         Tloc           12%        N/A       6%          2
 Wereblood                Tmut           6%         N/A       6%          2
 Irradiate                Conj/Tmut      10%        3d15      22%         5


Dungeon Overview and Level Annotations

Branches:
Dungeon (7/15)             Temple (1/1) D:4

Altars:
Ashenzari
Cheibriados
Dithmenos
Elyvilon
Fedhas
Gozag
Hepliaklqana
Kikubaaqudgha
Makhleb
Nemelex Xobeh
Okawaru
Qazlal
Sif Muna
Uskayaw
Vehumet
Wu Jian
Xom
Yredelemnul
Zin

Shops:
D:1 [


Innate Abilities, Weirdness & Mutations

You have a beak for a mouth.
You have claws for feet.
Your magical nature lets you fly swiftly and evasively.


Message History

The wight is severely damaged.
The wight hits you from afar with a +1 halberd of protection!!
You feel drained. The wight misses you.
Casting: Airstrike (dangerous; 1% risk of failure)
Confirm with . or Enter, or press ? or * to list all spells.
Aiming: Airstrike (dangerous; 1% risk of failure)
Press: ? - help, Dir - move target, f/p - wight
Aim: a wight, wielding a +1 halberd of protection and wearing a +0 robe (severely damaged, empty space bonus: 7/8)
The air twists around and strikes the wight!!
You destroy the wight!
Vehumet accepts your kill.
You feel your power returning.
The wight hits you with a +3 falchion of freezing.
You feel drained. The wight freezes you.
Casting: Airstrike (dangerous; 1% risk of failure)
Confirm with . or Enter, or press ? or * to list all spells.
Aiming: Airstrike (dangerous; 1% risk of failure)
Press: ? - help, Dir - move target, f - wight
Aim: a wight, wielding a +3 falchion of freezing and wearing a +0 robe (empty space bonus: 7/8)
The air twists around and strikes the wight!
The wight is severely damaged.
The wight hits you with a +3 falchion of freezing!
* * * LOW HITPOINT WARNING * * *
You feel drained.
* * * LOW HITPOINT WARNING * * *
The wight freezes you.
* * * LOW HITPOINT WARNING * * *
Aiming: Throw Flame
Press: ? - help, Shift-Dir - straight line, f/p - wight
Aim: a wight, wielding a +3 falchion of freezing and wearing a +0 robe (severely damaged, 68% to hit)
The puff of flame hits the wight.
The wight is almost destroyed.
The wight hits you with a +3 falchion of freezing.
* * * LOW HITPOINT WARNING * * *
You feel drained. The wight freezes you.
* * * LOW HITPOINT WARNING * * *
You closely miss the wight.
The wight is almost destroyed.
The wight hits you with a +3 falchion of freezing!
You die...

#.....#
#.....#
#.....#
#.....+
#.....#
#.....#
##.....#
#..)z@.#
#......+
#......#
#......#
#.?....#
#......#
#......#
#......#


You could see a wight.

Vanquished Creatures
  Sigmund (D:2)
  An ice beast (D:6)
  3 black bears (D:4)
  A centaur (D:6)
  4 ogres
  6 scorpions
  2 wights (D:7)
  A howler monkey (D:5)
  5 hounds
  A gnoll bouda (D:6)
  A jelly (D:6)
  A sleepcap (D:5)
  2 iguanas
  4 orc wizards
  7 gnolls (D:6)
  4 adders
  A white imp (D:6)
  A worm (D:5)
  2 dart slugs
  14 orcs
  9 bats
  8 endoplasms
  4 giant cockroaches
  A goblin (D:4)
  5 hobgoblins
  3 jackals (D:3)
  8 kobolds
  5 quokkas
  6 ball pythons
  2 frilled lizards
  8 rats
121 creatures vanquished.

Notes
Turn   | Place    | Note
-------+----------+-------------------------------------------
     0 | D:1      | Dawnplanks the Tengu Air Elementalist began the quest for
                  | the Orb.
     0 | D:1      | Reached XP level 1. HP: 10/10 MP: 4/4
   251 | D:1      | Reached XP level 2. HP: 15/15 MP: 3/6
   625 | D:1      | Found Sulah's Antique Armour Shoppe.
  1075 | D:2      | Reached XP level 3. HP: 19/19 MP: 1/7
  1302 | D:2      | Reached skill level 5 in Air Magic
  1680 | D:2      | Noticed Sigmund
  1699 | D:2      | Killed Sigmund
  1700 | D:2      | Reached XP level 4. HP: 20/24 MP: 7/9
  1700 | D:2      | Gained mutation: Your magical nature lets you fly swiftly
                  | and evasively. [Tengu growth]
  1700 | D:2      | Reached XP level 5. HP: 23/28 MP: 7/10
  1875 | D:3      | Found an ancient bone altar of Kikubaaqudgha.
  1876 | D:3      | Found a basalt altar of Yredelemnul.
  2092 | D:3      | Reached skill level 6 in Air Magic
  2293 | D:3      | Reached XP level 6. HP: 33/33 MP: 8/11
  2427 | D:3      | Found an ornate altar of the Wu Jian Council.
  2485 | D:4      | Found an opulent altar of Gozag.
  2485 | D:4      | Found a hide-covered altar of Uskayaw.
  2485 | D:4      | Found a snail-covered altar of Cheibriados.
  2782 | D:4      | Noticed a black bear
  2792 | D:4      | Killed a black bear
  2851 | D:4      | Reached XP level 7. HP: 37/37 MP: 10/14
  3126 | D:4      | You are sucked into a shaft and drop 1 floor!
  3126 | D:5      | Entered Level 5 of the Dungeon
  3260 | D:4      | HP: 1/37 [something (3)]
  3331 | D:4      | Found a shadowy altar of Dithmenos.
  3343 | D:4      | Found a white marble altar of Elyvilon.
  3345 | D:4      | Found a broken altar of Ashenzari.
  3349 | D:4      | Found a radiant altar of Vehumet.
  3350 | D:4      | Found a shimmering altar of Xom.
  3383 | D:4      | Reached skill level 7 in Air Magic
  3384 | D:4      | Reached skill level 1 in Fighting
  3384 | D:4      | Reached skill level 5 in Conjurations
  3482 | D:4      | Became a worshipper of Vehumet
  3517 | D:4      | Found a staircase to the Ecumenical Temple.
  3536 | Temple   | Entered the Ecumenical Temple
  3895 | D:4      | Reached skill level 5 in Spellcasting
  3895 | D:4      | Reached XP level 8. HP: 27/43 MP: 10/16
  4778 | D:5      | Reached skill level 8 in Air Magic
  4848 | D:5      | Reached * piety under Vehumet
  4848 | D:5      | Offered knowledge of Magic Dart by Vehumet.
  4851 | D:5      | Learned a level 1 spell: Magic Dart
  5311 | D:5      | Learned a level 3 spell: Swiftness
  5316 | D:5      | Learned a level 4 spell: Airstrike
  5319 | D:5      | Learned a level 2 spell: Static Discharge
  5962 | D:6      | Reached XP level 9. HP: 48/48 MP: 16/19
  6586 | D:6      | Reached skill level 9 in Air Magic
  7006 | D:7      | Slain by a wight

Illustrated notes

Levels and vault maps discovered:
D:1:      dpeg_arrival_arbitrary_b, layout_loops_ring, serial_shops,
          nicolae_shop_crystal
D:2:      layout_rooms, st_stairs_14, kennysheep_generic_room_14, uniq_sigmund
D:3:      minmay_angry_zag, layout_basic, overflow_temple_1_default,
          nzn_wu_jian_contemplation, mainiacjoe_overflow_catwalk
D:4:      old_forge, layout_loops_ring, nicolae_overflow_hallway_of_the_gods,
          temple_doors_cd, st_stairs_2
D:5:      dreamdust_elfheim, layout_loops_ring
D:6:      layout_basic
D:7:      nicolae_BIG_FREAKIN_CUBE, layout_gridville,
          mainiacjoe_overflow_alcove_2, enter_ossuary_3, uniq_joseph
Temple:   hellmonk_temple_flake

Skill      XL: |  1  2  3  4  5  6  7  8  9 |
---------------+----------------------------+-----
Conjurations   | 3 4 5 7 8 |  8.0
Air Magic      | 5 6 7 8 9 |  9.2
Dodging        | 3 |  3.8
Spellcasting   | 3 4 5 6 |  6.6
Fighting       | 1 2 |  2.0
Stealth        | |  2.0
Unarmed Combat | |  0.1

Action                     |  1- 3 |  4- 6 |  7- 9 || total
---------------------------+-------+-------+-------++-------
  Melee: Unarmed           |    17 |       |       ||    17
         Kick              |     4 |     1 |     3 ||     8
         Short sword       |     7 |     9 |    20 ||    36
         Peck              |     2 |     4 |     3 ||     9
   Cast: Shock             |    72 |    56 |   193 ||   321
         Magic Dart        |       |       |     2 ||     2
         Static Discharge  |       |       |     1 ||     1
         Airstrike         |       |       |    10 ||    10
  Evoke: Wand              |       |       |     1 ||     1
    Use: Potion            |     1 |       |     1 ||     2
         Scroll            |       |       |     7 ||     7
   Stab: Sleeping          |       |     1 |       ||     1
 Armour: Robe              |     9 |     1 |     7 ||    17
  Dodge: Dodged            |    30 |     8 |    56 ||    94

Table legend: (Time is in decaauts)
 A = Elapsed time spent in this place.
 B = Non-inter-level travel time spent in this place.
 C = Inter-level travel time spent in this place.
 D = Time resting spent in this place.
 E = Time spent auto-exploring this place.
 F = Levels seen in this place.
 G = Mean time per level.
                   A        B        C        D        E       F      G
               +--------+--------+--------+--------+--------+-----+--------+
         Total |   6705 |   6425 |    280 |    244 |   5401 |   8 |  838.1 |
       Dungeon |   6567 |   6296 |    271 |    244 |   5280 |   7 |  938.1 |
        Temple |    137 |    129 |      8 |      0 |    120 |   1 |  137.0 |
               +--------+--------+--------+--------+--------+-----+--------+

Top non-repeatable levels by time:
     D:4: 1793 daAuts
     D:6: 1206 daAuts
     D:5: 1128 daAuts
     D:1: 974 daAuts
     D:2: 844 daAuts
     D:3: 613 daAuts
  Temple: 137 daAuts
     D:7: 6 daAuts
